 Dungeon Crawl Stone Soup version 0.27.1-33-g824d729ab1 (webtiles) character file.

Game seed: 18302127598905874226

59 sking99 the Insei (level 3, 14/30 HPs)
             Began as a Draconian Transmuter on Dec 10, 2021.
             Was a Follower of Jiyva.
             Quit the game on level 3 of the Dungeon.
             The game lasted 00:03:08 (2016 turns).

sking99 the Insei (Draconian Transmuter)            Turns: 2016, Time: 00:03:08

Health: 14/30      AC:  5    Str: 11    XL:     3   Next: 78%
Magic:  6/6        EV: 12    Int: 14    God:    Jiyva [*.....]
Gold:   83         SH:  0    Dex: 12    Spells: 5/6 levels left

rFire    . . .     SeeInvis .     - Unarmed
rCold    . . .     Faith    .   (no shield)
rNeg     . . .     Spirit   .   (armour unavailable)
rPois    .         Reflect  .   (helmet restricted)
rElec    .         Harm     .   (no cloak)
rCorr    .         Rampage  .   (no gloves)
Will     .....                  (no boots)
Stlth    +.........             (no amulet)
HPRegen  0.10/turn              (no ring)
MPRegen  0.10/turn              (no ring)

@: no status effects
A: AC +5, unfitting armour, cold-blooded
a: Renounce Religion, Request Jelly


You were on level 3 of the Dungeon.
You worshipped Jiyva.
Jiyva was aware of your devotion.
You visited 1 branch of the dungeon, and saw 3 of its levels.

You collected 83 gold pieces.

Inventory:

Hand Weapons
 e - a +2 dagger of venom
Scrolls
 a - a scroll of fog {unknown}
 d - a scroll of identify {unknown}
Potions
 b - a potion of curing {unknown}
 c - a potion of might {unknown}


   Skills:
 + Level 2.4 Fighting
 - Level 1.7 Dodging
 * Level 4.3 Unarmed Combat
 - Level 2.0 Spellcasting
 - Level 2.0 Transmutations


You had 5 spell levels left.
You knew the following spells:

 Your Spells              Type           Power      Damage    Failure   Level
a - Beastly Appendage     Tmut           14%        N/A       11%         1

Your spell library contained the following spells:

 Spells                   Type           Power      Damage    Failure   Level
 Wereblood                Tmut           7%         N/A       16%         2
 Spider Form              Tmut/Pois      2%         N/A       43%         3
 Ice Form                 Ice/Tmut       4%         N/A       83%         4


Dungeon Overview and Level Annotations

Branches:
Dungeon (3/15)

Altars:
Kikubaaqudgha
Jiyva

Shops:
D:2 (


Innate Abilities, Weirdness & Mutations

Your plain brown scales are hard. (AC +5)
You cannot fit into any form of body armour.
You are cold-blooded and may be slowed by cold attacks.


Message History

You swap places.
You swap places.
Jiyva says: Divide and consume!
Jiyva says: Divide and consume!
Found 16 arrows.
You see here 16 arrows.
There is an entrance to Eclamomp's Antique Weapon Shoppe here.
You see here 16 arrows.
Jiyva's power touches on your attributes.
You feel clever.
You feel weaker.
Done exploring.
Done exploring.
There is a stone staircase leading down here.
You climb downwards.
The endoplasm quivers.
The endoplasm trembles before you.
Found 9 sling bullets.
There is a stone staircase leading up here.
An orc comes into view. It is wielding a +0 trident.
The orc shouts!
You hear a slurping noise.
You hear a slurping noise.
The orc misses you. The orc closely misses you.
You barely miss the orc. You closely miss the orc.
The orc hits you with a +0 trident!
You hit the orc.
The orc is lightly wounded.
The orc hits you with a +0 trident.
You hit the orc but do no damage.
The orc is lightly wounded.
The orc hits you but does no damage.
You hit the orc.
The orc is severely wounded.
The orc hits you with a +0 trident.
You hit the orc.
You kill the orc!
Things that are here:
a +0 trident; 2 boomerangs Are you sure you want to abandon this character and quit the game? (Confirm with "yes".)

. #. ## ..#.######...
.. .#.......... .
..........# .#
###........##.
.........#..
#.......#.#
#######.......#.######
.......<......@.......
#######.........######
#.......### ###......#
#......# #........
#......#.. #......#...
#......# .#


There were no monsters in sight!

Vanquished Creatures
  An adder (D:2)
  3 dart slugs (D:1)
  An orc (D:3)
  6 goblins
  3 hobgoblins
  3 jackals (D:2)
  7 kobolds (D:1)
  4 quokkas
  3 ball pythons
  4 bats
  2 frilled lizards (D:1)
  A rat (D:1)
38 creatures vanquished.

Vanquished Creatures (others)
  A goblin (D:1)
  A kobold (D:1)
  A bat (D:2)
  2 frilled lizards (D:2)
  3 rats
8 creatures vanquished.

Grand Total: 46 creatures vanquished

Notes
Turn   | Place    | Note
-------+----------+-------------------------------------------
     0 | D:1      | sking99 the Draconian Transmuter began the quest for the
                  | Orb.
     0 | D:1      | Reached XP level 1. HP: 16/16 MP: 3/3
    81 | D:1      | Reached XP level 2. HP: 21/23 MP: 3/5
   258 | D:1      | Found a faded altar of an unknown god.
   297 | D:1      | Became a worshipper of Jiyva Jese the Shapeless
   297 | D:1      | Reached * piety under Jiyva
   538 | D:1      | Reached XP level 3. HP: 29/29 MP: 6/6
   699 | D:1      | Reached skill level 4 in Unarmed Combat
  1184 | D:2      | Found an ancient bone altar of Kikubaaqudgha.
  1716 | D:2      | Found Eclamomp's Antique Weapon Shoppe.
  2016 | D:3      | Quit the game

Illustrated notes

Levels and vault maps discovered:
D:1:      wander_arrival_desolate, layout_basic,
          shapermc_ecumenical_altar_mp_vishouse, minmay_misc_feat_secret_circle
D:2:      layout_loops_ring, serial_glass, glass_columns_b, glass_columns_c,
          glass_columns_a, glass_columns_b, glass_columns_a, glass_columns_a,
          glass_columns_a, glass_columns_a, glass_columns_b, glass_columns_c,
          feat_on_display, due_unseen_surprise, item_on_display_a,
          feat_on_display, serial_shops, nicolae_shop_waterfront, basic_altar
D:3:      layout_rooms, fedhas_altar_1, serial_glass, glass_columns_a,
          glass_columns_a, glass_columns_c, glass_columns_b, glass_columns_b,
          glass_columns_a, uniq_natasha

Skill      XL: |  1  2  3 |
---------------+----------+-----
Fighting       | 2 |  2.4
Unarmed Combat | 4 |  4.3
Dodging        | |  1.7
Spellcasting   | |  2.0
Transmutations | |  2.0

Action                   || total
-------------------------++-------
Melee: Unarmed           ||   110
       Tailslap          ||     5
       Kick              ||     2
       Headbutt          ||     5
       Punch             ||     1
 Cast: Beastly Appendage ||     8
 Stab: Sleeping          ||     1
Armor: Skin              ||    39
Dodge: Dodged            ||   104
